| TOP OF THE 1ST |
|
Corpus Christi Hooks batting - Pitching for Arkansas Travelers : RHP Chris Russell
|
|
Pitching: RHP Chris Russell
|
|
|
Batting: RHB Masaru Konno
|
0-0: Ball 1-0: Ground out 6-3 (Groundball, 6, EV 93.1 MPH)
|
|
Batting: RHB Bruce Bermudez
|
0-0: Ball 1-0: Called Strike 1-1: Ball 2-1: Ground out 6-3 (Groundball, 6, EV 110.0 MPH)
|
|
Batting: RHB Elijah Hunter
|
0-0: Fly out, F8 (Flyball, 8LD, EV 100.6 MPH)
|
| Top of the 1st over - 0 runs, 0 hits, 0 errors, 0 left on base; Corpus Christi 0 - Arkansas 0 |
| BOTTOM OF THE 1ST |
|
Arkansas Travelers batting - Pitching for Corpus Christi Hooks : LHP Jimmy Edlin
|
|
Pitching: LHP Jimmy Edlin
|
|
|
Batting: RHB Luis Romero
|
0-0: Foul Ball, location: 2F 0-1: Foul Ball, location: 2F 0-2: Ball 1-2: Foul Ball, location: 2F 1-2: Foul Ball, location: 2F 1-2: Ball 2-2: Ball 3-2: Fly out, F3 (Line Drive, 4, EV 67.5 MPH)
|
|
Batting: RHB Danny Bjarnson
|
0-0: Ball 1-0: SINGLE (Groundball, 6D, EV 103.1 MPH)
|
|
Batting: RHB Jose Ramirez
|
0-0: Ball 1-0: Ball 2-0: Foul Ball, location: 2F 2-1: Foul Ball, location: 2F 2-2: Ball 3-2: Foul Ball, location: 2F 3-2: Strikes out swinging
|
|
Batting: RHB Pat Crawley
|
0-0: Ball 1-0: Ball 2-0: Swinging Strike 2-1: Swinging Strike 2-2: Foul Ball, location: 2F 2-2: Foul Ball, location: 2F 2-2: Strikes out swinging
|
| Bottom of the 1st over - 0 runs, 1 hit, 0 errors, 1 left on base; Corpus Christi 0 - Arkansas 0 |
| TOP OF THE 2ND |
|
Corpus Christi Hooks batting - Pitching for Arkansas Travelers : RHP Chris Russell
|
|
Batting: LHB Vinny Siebecker
|
0-0: SINGLE (Line Drive, 6, EV 95.0 MPH)
|
|
Batting: RHB Sam Spohn
|
0-0: Called Strike 0-1: Ball 1-1: Grounds into double play, 5-4-3 (Groundball, 25, EV 76.9 MPH)
|
|
Batting: RHB Workneh Lagat
|
0-0: Foul Ball, location: 2F 0-1: Ground out 6-3 (Groundball, 6, EV 88.8 MPH)
|
| Top of the 2nd over - 0 runs, 1 hit, 0 errors, 0 left on base; Corpus Christi 0 - Arkansas 0 |
| BOTTOM OF THE 2ND |
|
Arkansas Travelers batting - Pitching for Corpus Christi Hooks : LHP Jimmy Edlin
|
|
Batting: LHB Matthew Bale
|
0-0: Ball 1-0: Called Strike 1-1: Foul Ball, location: 2F 1-2: Ball 2-2: Fly out, F8 (Flyball, 8RM, EV 81.2 MPH)
|
|
Batting: RHB Dean LeCroy
|
0-0: Swinging Strike 0-1: Ball 1-1: Foul Ball, location: 2F 1-2: Ball 2-2: Ball 3-2: Strikes out swinging
|
|
Batting: LHB Spencer Palmer
|
0-0: Ground out 4-3 (Groundball, 4, EV 96.2 MPH)
|
| Bottom of the 2nd over - 0 runs, 0 hits, 0 errors, 0 left on base; Corpus Christi 0 - Arkansas 0 |
| TOP OF THE 3RD |
|
Corpus Christi Hooks batting - Pitching for Arkansas Travelers : RHP Chris Russell
|
|
Batting: RHB Sean Mounts
|
0-0: Ground out 6-3 (Groundball, 6, EV 84.4 MPH)
|
|
Batting: RHB Steve Moore
|
0-0: Fly out, F8 (Flyball, 8LD, EV 79.4 MPH)
|
|
Batting: LHB Jimmy Edlin
|
0-0: Ground out 4-3 (Groundball, 4, EV 86.9 MPH)
|
| Top of the 3rd over - 0 runs, 0 hits, 0 errors, 0 left on base; Corpus Christi 0 - Arkansas 0 |
| BOTTOM OF THE 3RD |
|
Arkansas Travelers batting - Pitching for Corpus Christi Hooks : LHP Jimmy Edlin
|
|
Batting: RHB Edward Hillock
|
0-0: Ball 1-0: Swinging Strike 1-1: Ball 2-1: Foul Ball, location: 2F 2-2: Ball 3-2: Base on Balls
|
|
Batting: LHB Mario Anguiano
|
0-0: Ball 1-0: Foul Ball, location: 2F 1-1: Grounds into double play, 4-6-3 (Groundball, 34, EV 80.6 MPH)
|
|
Batting: RHB Luis Romero
|
0-0: Called Strike 0-1: Swinging Strike 0-2: Ball 1-2: Ball 2-2: SINGLE (Groundball, 4D, EV 101.9 MPH)
|
|
Batting: RHB Danny Bjarnson
|
0-0: Called Strike 0-1: Ball 1-1: Called Strike 1-2: Fielders Choice at 2nd, 5-4 (Groundball, 5, EV 83.8 MPH)
|
| Bottom of the 3rd over - 0 runs, 1 hit, 0 errors, 1 left on base; Corpus Christi 0 - Arkansas 0 |
| TOP OF THE 4TH |
|
Corpus Christi Hooks batting - Pitching for Arkansas Travelers : RHP Chris Russell
|
|
Batting: RHB Masaru Konno
|
0-0: Ball 1-0: Ball 2-0: Swinging Strike 2-1: Fly out, F6 (Line Drive, 6M, EV 78.8 MPH)
|
|
Batting: RHB Bruce Bermudez
|
0-0: Ball 1-0: Ball 2-0: Ball 3-0: Base on Balls
|
|
Batting: RHB Elijah Hunter
|
0-0: Ball Bruce Bermudez steals 2nd base (no throw) 1-0: SINGLE (Flyball, 78S, EV 93.1 MPH) Bruce Bermudez to third
|
|
Batting: LHB Vinny Siebecker
|
0-0: Foul Ball, location: 2F 0-1: Ball 1-1: Ball 2-1: Called Strike 2-2: Fielders Choice at 2nd, 5-4 (Groundball, 56S, EV 90.0 MPH) Bruce Bermudez scores
|
|
Batting: RHB Sam Spohn
|
0-0: Called Strike 0-1: Foul Ball, location: 2F 0-2: Strikes out looking
|
| Top of the 4th over - 1 run, 1 hit, 0 errors, 1 left on base; Corpus Christi 1 - Arkansas 0 |
| BOTTOM OF THE 4TH |
|
Arkansas Travelers batting - Pitching for Corpus Christi Hooks : LHP Jimmy Edlin
|
|
Batting: RHB Jose Ramirez
|
0-0: Ball 1-0: Called Strike 1-1: Foul Ball, location: 2F 1-2: Ball 2-2: Foul Ball, location: 2F 2-2: Strikes out swinging
|
|
Batting: RHB Pat Crawley
|
0-0: Called Strike 0-1: Ball 1-1: SINGLE (Groundball, 34D, EV 106.9 MPH)
|
|
Batting: LHB Matthew Bale
|
0-0: Ball 1-0: Called Strike 1-1: SINGLE (Groundball, 56D, EV 98.1 MPH) Pat Crawley to second
|
|
Batting: RHB Dean LeCroy
|
0-0: Called Strike 0-1: Called Strike 0-2: Fly out, F8 (Line Drive, 8RD, EV 97.5 MPH)
|
|
Batting: LHB Spencer Palmer
|
0-0: Foul Ball, location: 2F 0-1: Foul Ball, location: 2F 0-2: Ball 1-2: Strikes out swinging
|
| Bottom of the 4th over - 0 runs, 2 hits, 0 errors, 2 left on base; Corpus Christi 1 - Arkansas 0 |
| TOP OF THE 5TH |
|
Corpus Christi Hooks batting - Pitching for Arkansas Travelers : RHP Chris Russell
|
|
Batting: RHB Workneh Lagat
|
0-0: Ground out 6-3 (Groundball, 6, EV 91.2 MPH)
|
|
Batting: RHB Sean Mounts
|
0-0: Ball 1-0: SINGLE (Line Drive, 89S, EV 91.2 MPH)
|
|
Batting: RHB Steve Moore
|
0-0: Ball 1-0: Foul Ball, location: 2F 1-1: Ball Wild Pitch! Sean Mounts to second 2-1: Called Strike 2-2: Foul Ball, location: 2F 2-2: Ground out U3 (Groundball, 13, EV 89.4 MPH) Sean Mounts to third
|
|
Batting: LHB Jimmy Edlin
|
0-0: Foul Ball, location: 2F 0-1: Called Strike 0-2: Ball 1-2: Strikes out swinging
|
| Top of the 5th over - 0 runs, 1 hit, 0 errors, 1 left on base; Corpus Christi 1 - Arkansas 0 |
| BOTTOM OF THE 5TH |
|
Arkansas Travelers batting - Pitching for Corpus Christi Hooks : LHP Jimmy Edlin
|
|
Batting: RHB Edward Hillock
|
0-0: Ball 1-0: DOUBLE (Flyball, 8LXD, EV 100.0 MPH)
|
|
Batting: LHB Mario Anguiano
|
0-0: Called Strike 0-1: Foul Ball, location: 2F 0-2: Foul Ball, location: 2F 0-2: Ball 1-2: Ball 2-2: Ball 3-2: Foul Ball, location: 2F 3-2: Strikes out swinging
|
|
Batting: RHB Luis Romero
|
0-0: Ball 1-0: DOUBLE (Line Drive, 78D, EV 103.1 MPH) Edward Hillock scores
|
|
Batting: RHB Danny Bjarnson
|
0-0: Called Strike 0-1: Ball 1-1: Ball 2-1: Foul Ball, location: 2F 2-2: Foul Ball, location: 2F 2-2: Ball 3-2: Base on Balls
|
|
Pitching: RHP Antonio Escobosa
|
|
|
Batting: RHB Jose Ramirez
|
0-0: Grounds into double play, 6-4-3 (Groundball, 6, EV 81.2 MPH)
|
| Bottom of the 5th over - 1 run, 2 hits, 0 errors, 1 left on base; Corpus Christi 1 - Arkansas 1 |
| TOP OF THE 6TH |
|
Corpus Christi Hooks batting - Pitching for Arkansas Travelers : RHP Chris Russell
|
|
Batting: RHB Masaru Konno
|
0-0: Ball 1-0: Ground out 4-3 (Groundball, 4, EV 105.6 MPH)
|
|
Batting: RHB Bruce Bermudez
|
0-0: Called Strike 0-1: Ball 1-1: Foul Ball, location: 2F 1-2: Ball 2-2: Ball 3-2: Base on Balls
|
|
Batting: RHB Elijah Hunter
|
0-0: Ball Bruce Bermudez is caught stealing 2nd base 2-4 1-0: Called Strike 1-1: Ground out 6-3 (Groundball, 56, EV 76.9 MPH)
|
| Top of the 6th over - 0 runs, 0 hits, 0 errors, 0 left on base; Corpus Christi 1 - Arkansas 1 |
| BOTTOM OF THE 6TH |
|
Arkansas Travelers batting - Pitching for Corpus Christi Hooks : RHP Antonio Escobosa
|
|
Batting: RHB Pat Crawley
|
0-0: Called Strike 0-1: Foul Ball, location: 2F 0-2: Ground out 4-3 (Groundball, 34, EV 105.0 MPH)
|
|
Batting: LHB Matthew Bale
|
0-0: Ball 1-0: Ground out 4-3 (Groundball, 4, EV 100.6 MPH)
|
|
Batting: RHB Dean LeCroy
|
0-0: Foul Ball, location: 2F 0-1: Ball 1-1: Swinging Strike 1-2: Foul Ball, location: 2F 1-2: Strikes out looking
|
| Bottom of the 6th over - 0 runs, 0 hits, 0 errors, 0 left on base; Corpus Christi 1 - Arkansas 1 |
| TOP OF THE 7TH |
|
Corpus Christi Hooks batting - Pitching for Arkansas Travelers : RHP Chris Russell
|
|
Batting: LHB Vinny Siebecker
|
0-0: Ball 1-0: Ball 2-0: SINGLE (Groundball, 6D, EV 97.5 MPH)
|
|
Batting: RHB Sam Spohn
|
0-0: Ball 1-0: Foul Ball, location: 2F 1-1: Swinging Strike 1-2: SINGLE (Groundball, 3D, EV 95.0 MPH) Vinny Siebecker to second Runner from 2nd tries for 3rd, SAFE, throw by RF made to third
|
|
Batting: RHB Workneh Lagat
|
0-0: Ball 1-0: Ball 2-0: DOUBLE (Line Drive, 7LS, EV 100.0 MPH) Vinny Siebecker scores Sam Spohn to third
|
|
Batting: RHB Sean Mounts
|
0-0: Ball 1-0: Called Strike 1-1: Ball 2-1: Fly out, F4 (Popup, 34D, EV 58.8 MPH)
|
|
Batting: RHB Steve Moore
|
0-0: Ball 1-0: Called Strike 1-1: Fly out, F8 (Line Drive, 89S, EV 95.6 MPH)
|
|
Batting: LHB Jimmy Edlin
|
0-0: SINGLE (Groundball, 13S, EV 63.8 MPH) (infield hit) Sam Spohn scores Workneh Lagat to third
|
|
Batting: RHB Masaru Konno
|
0-0: TRIPLE (Flyball, 78XD, EV 105.6 MPH) Workneh Lagat scores Jimmy Edlin scores
|
|
Pitching: RHP Kennie Williams
|
|
|
Batting: RHB Bruce Bermudez
|
0-0: Called Strike 0-1: Foul Ball, location: 2F 0-2: Strikes out swinging
|
| Top of the 7th over - 4 runs, 5 hits, 0 errors, 1 left on base; Corpus Christi 5 - Arkansas 1 |
| BOTTOM OF THE 7TH |
|
Arkansas Travelers batting - Pitching for Corpus Christi Hooks : RHP Antonio Escobosa
|
|
Batting: LHB Spencer Palmer
|
0-0: Ball 1-0: SINGLE (Groundball, 6D, EV 96.2 MPH)
|
|
Batting: RHB Edward Hillock
|
0-0: Bunt missed! 0-1: Bunted foul 0-2: Fielders Choice at 2nd, 3-6 (Groundball, 3, EV 85.0 MPH)
|
|
Batting: LHB Mario Anguiano
|
0-0: Ball 1-0: Called Strike 1-1: Ball 2-1: Ball 3-1: Foul Ball, location: 2F 3-2: Base on Balls Edward Hillock to second
|
|
Batting: RHB Luis Romero
|
0-0: SINGLE (Line Drive, 34D, EV 98.8 MPH) Edward Hillock to third Mario Anguiano to second Runner from 3rd tries for Home, SAFE, throw by RF to home
|
|
Batting: RHB Danny Bjarnson
|
0-0: Ball 1-0: Ball 2-0: Fly out, F8 (Flyball, 8RD, EV 80.6 MPH)
|
|
Batting: RHB Jose Ramirez
|
0-0: Ball 1-0: Called Strike 1-1: Ground out U3 (Groundball, 3, EV 100.0 MPH)
|
| Bottom of the 7th over - 1 run, 2 hits, 0 errors, 2 left on base; Corpus Christi 5 - Arkansas 2 |
| TOP OF THE 8TH |
|
Corpus Christi Hooks batting - Pitching for Arkansas Travelers : RHP Kennie Williams
|
|
Pitching: RHP Danny Nava
|
|
|
Batting: RHB Elijah Hunter
|
0-0: SOLO HOME RUN (Flyball, 8LXD, EV 116.2 MPH), Distance : 456 ft
|
|
Batting: LHB Vinny Siebecker
|
0-0: Called Strike 0-1: Ball 1-1: Ball 2-1: Swinging Strike 2-2: Strikes out swinging
|
|
Batting: RHB Sam Spohn
|
0-0: Called Strike 0-1: Swinging Strike 0-2: Ball 1-2: Ball 2-2: Ball 3-2: DOUBLE (Line Drive, 7LM, EV 112.5 MPH)
|
|
Batting: RHB Workneh Lagat
|
0-0: Called Strike 0-1: Fly out, F8 (Flyball, 8LD, EV 103.8 MPH)
|
|
Batting: RHB Sean Mounts
|
0-0: Foul Ball, location: 2F 0-1: Foul Ball, location: 2F 0-2: Ball 1-2: Strikes out swinging
|
| Top of the 8th over - 1 run, 2 hits, 0 errors, 1 left on base; Corpus Christi 6 - Arkansas 2 |
| BOTTOM OF THE 8TH |
|
Arkansas Travelers batting - Pitching for Corpus Christi Hooks : RHP Antonio Escobosa
|
|
Batting: RHB Pat Crawley
|
0-0: Ball 1-0: Ball 2-0: Ball 3-0: Base on Balls
|
|
Batting: LHB Matthew Bale
|
0-0: Ball 1-0: Ball 2-0: Fly out, F8 (Flyball, 8LM, EV 91.2 MPH)
|
|
Pinch Hitting: LHB Nick Isaac
|
0-0: Ball 1-0: Swinging Strike 1-1: Ball 2-1: Swinging Strike 2-2: Ball 3-2: Strikes out swinging
|
|
Batting: LHB Spencer Palmer
|
0-0: Called Strike 0-1: Ball 1-1: Foul Ball, location: 2F 1-2: Ball 2-2: Foul Ball, location: 2F 2-2: Fly out, F4 (Popup, 23, EV 88.1 MPH)
|
| Bottom of the 8th over - 0 runs, 0 hits, 0 errors, 1 left on base; Corpus Christi 6 - Arkansas 2 |
| TOP OF THE 9TH |
|
Corpus Christi Hooks batting - Pitching for Arkansas Travelers : RHP Danny Nava
|
|
Pitching: RHP Dave Jackson
|
|
|
Now in LF: T.J. Gray
|
|
|
Now in RF: Danny Bjarnson
|
|
|
Batting: RHB Steve Moore
|
0-0: Called Strike 0-1: Ball 1-1: Swinging Strike 1-2: Strikes out swinging
|
|
Batting: LHB Jimmy Edlin
|
0-0: Fly out, F7 (Line Drive, 7, EV 94.4 MPH)
|
|
Batting: RHB Masaru Konno
|
0-0: Ball 1-0: Fly out, F8 (Flyball, 8LM, EV 85.6 MPH)
|
| Top of the 9th over - 0 runs, 0 hits, 0 errors, 0 left on base; Corpus Christi 6 - Arkansas 2 |
| BOTTOM OF THE 9TH |
|
Arkansas Travelers batting - Pitching for Corpus Christi Hooks : RHP Antonio Escobosa
|
|
Pitching: RHP Shane Walker
|
|
|
Batting: RHB Edward Hillock
|
0-0: Called Strike 0-1: Ball 1-1: Called Strike 1-2: Reached on error, E3 (Groundball, 34, EV 104.4 MPH)
|
|
Batting: LHB Mario Anguiano
|
0-0: SINGLE (Line Drive, 4D, EV 94.4 MPH) Edward Hillock to third
|
|
Pitching: RHP Aaron Shapiro
|
|
|
Batting: RHB Luis Romero
|
0-0: Ball 1-0: Ball 2-0: Foul Ball, location: 2F 2-1: Swinging Strike 2-2: Grounds into double play, 4-6-3 (Groundball, 4S, EV 83.1 MPH) Edward Hillock scores
|
|
Batting: RHB Danny Bjarnson
|
0-0: Swinging Strike 0-1: Swinging Strike 0-2: Foul Ball, location: 2F 0-2: Strikes out looking
|
| Bottom of the 9th over - 1 run, 1 hit, 1 error, 0 left on base; Corpus Christi 6 - Arkansas 3 |
|